 Dungeon Crawl Stone Soup version 0.16.1-2-g95b8d4c (console) character file.

137 gw the Cudgeler (level 5, 28/49 HPs)
             Began as a Deep Dwarf Chaos Knight on Mar 26, 2015.
             Starved to death
             ... on level 3 of the Dungeon.
             The game lasted 00:05:10 (2597 turns).

gw the Cudgeler (Deep Dwarf Chaos Knight)           Turns: 2597, Time: 00:05:10

Health: 28/49      AC: 11    Str: 15    XL:     5   Next: 0%
Magic:  6/6        EV:  6    Int: 13    God:    Xom [...*..]
Gold:   100        SH:  0    Dex: 13    Spells: 0 memorised, 4 levels left

rFire  . . .     SeeInvis .     a - +0 flail
rCold  . . .     Clarity  .     q - +0 chain mail
rNeg   . . .     SustAb   +     (no shield)
rPois  .         Gourm    .     (no helmet)
rElec  .         Spirit   .     (no cloak)
rCorr  .         Warding  .     i - +0 pair of gloves
rMut   .         Stasis   .     r - +0 pair of boots
MR     .....                    u - amulet of inaccuracy (curse)
Stlth  ..........               (no ring)
                                j - ring of sustain abilities

@: starving, non-regenerating, not resistant to hostile enchantments, extremely
unstealthy
A: damage resistance, recharge devices, deterioration 1, sense surroundings 1,
slow healing 3, spit poison 1
a: Device Recharging, Spit Poison, Renounce Religion


You were on level 3 of the Dungeon.
You worshipped Xom.
You were a favourite toy of Xom.
You were starving.

You visited 1 branch of the dungeon, and saw 3 of its levels.

You collected 100 gold pieces.

Inventory:

Hand weapons
 a - a +0 flail (weapon)
Missiles
 s - 22 bolts
Armour
 i - a +0 pair of gloves (worn)
 q - a +0 chain mail (worn)
 r - a +0 pair of boots (worn)
Jewellery
 j - a ring of sustain abilities (left hand)
 u - a cursed amulet of inaccuracy (around neck)
Magical devices
 c - a wand of heal wounds (2)
Scrolls
 b - a scroll of fear {unknown}
 e - 2 scrolls of identify
 g - a scroll of amnesia
 h - a scroll of remove curse
 k - a scroll of teleportation
 o - a scroll of recharging {unknown}
Potions
 l - a potion of ambrosia {unknown}
 n - a potion of resistance {unknown}
Comestibles
 d - 2 bread rations
 f - a slice of pizza
 m - a royal jelly
 p - a meat ration


   Skills:
 + Level 3.2 Fighting
 * Level 4.6 Maces & Flails
 + Level 3.0 Armour
 - Level 1.1 Dodging
 - Level 2.0 Evocations


You had 4 spell levels left.
You didn't know any spells.

Dungeon Overview and Level Annotations

Branches:
Dungeon (3/15)

Altars:
Elyvilon
Zin
The Shining One


Innate Abilities, Weirdness & Mutations

You are resistant to damage.
You can recharge devices by infusing magical energy.
You passively map a small area around you.
You do not heal naturally.
Your body is slowly deteriorating.
You can spit poison.


Message History

Unknown command.
Unknown command.
Unknown command.
Attempting RANGED ATTACK TO (3,-3); ATTACKING (1,-1)
You swing at nothing.
Unknown command.
Unknown command.
Unknown command.
Unknown command.
Attempting RANGED ATTACK TO (3,-3); ATTACKING (1,-1)
You swing at nothing.
Unknown command.
Unknown command.
Unknown command.
Unknown command.
Attempting RANGED ATTACK TO (3,-3); ATTACKING (1,-1)
You swing at nothing.
You have starved to death.
You die...
Xom chortles!

#.#.~~~.#g ,
##.#.~~~.#.#
#....~~###'# ,
#....~~#...########
#....~~#gg.#........
,
##.#.~~#####hh~~~~~~
#...~~~~~~~~~~~~~~~
###.~~~~~~~~~~~~~~~~
~ ##P....g........P.
, #............P...
################


You could see 2 gnolls and 2 jackals.

Table legend:
 A = Turns spent in this place as a percentage of turns spent in the entire game.
 B = Non-inter-level travel turns spent in this place as a percentage of non-inter-level travel turns spent in the entire game.
 C = Inter-level travel turns spent in this place as a percentage of turns spent in this place.
 D = Turns resting spent in this place as a percentage of non-inter-level travel turns spent in this place.
 E = Turns spent auto-exploring this place as a percentage of non-inter-level travel turns spent in this place.
 F = Non-inter-level travel turns spent in this place divided by the number of levels of this place that you've seen.
                   A       B       C       D       E      F
               +-------+-------+-------+-------+-------+----------------------
         Total | 100.0 | 100.0 |   0.1 |   0.0 |   1.8 | 2495.3
       Dungeon | 100.0 | 100.0 |   0.1 |   0.0 |   1.8 | 2495.3
               +-------+-------+-------+-------+-------+----------------------

Table legend:
 A = Kills in this place as a percentage of kills in entire the game.
 B = Kills by you in this place as a percentage of kills by you in the entire game.
 C = Kills by friends in this place as a percentage of kills by friends in the entire game.
 D = Other kills in this place as a percentage of other kills in the entire game.
 E = Experience gained in this place as a percentage of experience gained in the entire game.
 F = Experience gained in this place divided by the number of levels of this place that you have seen.
                   A       B       C       D       E      F
               +-------+-------+-------+-------+-------+----------------------
         Total | 100.0 | 100.0 |  -nan |  -nan | 100.0 |  65.7
       Dungeon | 100.0 | 100.0 |  -nan |  -nan | 100.0 |  65.7
               +-------+-------+-------+-------+-------+----------------------

Vanquished Creatures
  2 gnolls (D:3)
  3 adders
  A worm (D:3)
  A giant gecko (D:2)
  9 orcs (D:3)
  8 bats
  4 giant cockroaches
  10 goblins
  10 hobgoblins
  7 jackals (D:3)
  9 kobolds
  3 giant newts (D:1)
  6 rats
73 creatures vanquished.

Notes
Turn   | Place    | Note
--------------------------------------------------------------
     0 | D:1      | gw, the Deep Dwarf Chaos Knight, began the quest for the Orb.
     0 | D:1      | Reached XP level 1. HP: 20/20 MP: 1/1
   108 | D:1      | XOM: harmless Pois miscast
   169 | D:1      | XOM: harmless Trmt miscast
   188 | D:1      | Reached XP level 2. HP: 25/27 MP: 2/2
   232 | D:1      | XOM: divination: detect items
   292 | D:1      | Reached skill level 1 in Evocations
   369 | D:1      | XOM: god gift: 10 arrows of flame
   538 | D:1      | Reached XP level 3. HP: 26/33 MP: 3/3
  1539 | D:3      | Reached skill level 4 in Maces & Flails
  1594 | D:3      | Reached XP level 4. HP: 37/42 MP: 5/5
  1602 | D:3      | XOM is BORED!
  1602 | D:3      | XOM: give mutations
  1602 | D:3      | Gained mutation: You can spit poison. [Xom's mischief]
  1602 | D:3      | Gained mutation: Your body is slowly deteriorating. [Xom's mischief]
  1969 | D:3      | Found a glowing silver altar of Zin.
  1970 | D:3      | Found a glowing golden altar of the Shining One.
  1971 | D:3      | Found a white marble altar of Elyvilon.
  1980 | D:3      | XOM: noise
  2105 | D:3      | Reached XP level 5. HP: 28/49 MP: 6/6
  2597 | D:3      | Starved to death

Action                   |  1- 3 |  4- 6 || total
-------------------------+-------+-------++-------
Melee: Mace              |   148 |    39 ||   187
       Flail             |       |    78 ||    78
Evoke: Wand              |       |     3 ||     3
  Use: Scroll            |     7 |       ||     7
       Potion            |     4 |       ||     4
  Eat: Chunk             |     2 |     3 ||     5

Vault maps used:
D:1:      minmay_arrival_four_houses
D:3:      lemuel_castle_with_subvaults, good_gods_temple_1, glass_columns_a,
          minmay_misc_feat_columns, roderic_bali_sauvastika,
          kennysheep_generic_room_9, uniq_crazy_yiuf_cottage
